 Dungeon Crawl Stone Soup version 0.28-a0-779-g3d1f99b579 (webtiles) character file.

Game seed: 6175229060137034726

122 gimp the Skirmisher (level 5, -1/57 HPs)
             Began as an Ogre Cinder Acolyte on Nov 3, 2021.
             Was a High Priest of Ignis.
             Slain by a bullfrog skeleton (4 damage)
             ... on level 4 of the Dungeon.
             The game lasted 00:04:25 (2961 turns).

gimp the Skirmisher (Ogre Cinder Acolyte)           Turns: 2961, Time: 00:04:26

Health: -1/57      AC:  3    Str: 18    XL:     5   Next: 6%
Magic:  15/15      EV:  9    Int: 15    God:    Ignis [*****.]
Gold:   71         SH:  0    Dex:  5    Spells: 2/6 levels left

rFire   + . .      SeeInvis .   a - -1 hand axe (flame)
rCold   . . .      Faith    .   (no shield)
rNeg    . . .      Spirit   .   b - +0 robe
rPois   .          Reflect  .   (helmet restricted)
rElec   .          Harm     .   (no cloak)
rCorr   .          Rampage  .   (gloves unavailable)
Will    .....                   (boots unavailable)
Stlth   +.........              (no amulet)
HPRegen 0.19/turn               i - ring of magical power
MPRegen 0.14/turn               (no ring)

@: flying, very slightly contaminated, invisible
A: large, unfitting armour, tough skin 1
a: Renounce Religion, Sea of Fire, Foxfire Swarm, Rising Flame


You were on level 4 of the Dungeon.
You worshipped Ignis.
Ignis was extremely pleased with you.
You visited 1 branch of the dungeon, and saw 4 of its levels.

You collected 71 gold pieces.

Inventory:

Hand Weapons
 a - a -1 hand axe of flaming (weapon)
 k - a +0 hand axe
Missiles
 g - 7 poisoned darts (quivered)
Armour
 b - a +0 robe (worn)
Jewellery
 d - a ring of ice
 i - a ring of magical power (left hand)
Wands
 e - a wand of charming (7)
Scrolls
 f - a scroll of enchant armour {unknown}
 h - 2 scrolls of silence {unknown}
Potions
 l - a potion of curing


   Skills:
 - Level 5.0 Fighting
 * Level 4.5 Axes
 - Level 1.2 Spellcasting
 + Level 3.4 Fire Magic


You had 2 spell levels left.
You knew the following spells:

 Your Spells              Type           Power      Damage    Failure   Level
a - Scorch                Fire           22%        2d6       9%          2
b - Blink                 Tloc           0%         N/A       36%         2

Your spell library contained the following spells:

 Spells                   Type           Power      Damage    Failure   Level
 Lesser Beckoning         Tloc           0%         N/A       58%         3
 Manifold Assault         Tloc           0%         N/A       100%        5


Dungeon Overview and Level Annotations

Branches:
Dungeon (4/15)
 Temple: D:4-7

Altars:

Annotations:
D:3 1 runed translucent door, Leeroy's ghost, weakling DrTm


Innate Abilities, Weirdness & Mutations

You are too large for most types of armour.
You have tough skin. (AC +1)


Message History

You have reached level 5!
You take 5 damage, and have 12/57 hp.
MP restored: 15 It was a potion of invisibility.
You fade into invisibility!
You feel sick.
The bullfrog skeleton closely misses you.
You are very lightly contaminated with residual magic.
You take 1 damage, and have 11/57 hp.
You feel sick.
The bullfrog skeleton barely misses you.
You take 1 damage, and have 10/57 hp.
You slash the bullfrog skeleton! You burn the bullfrog skeleton.
The bullfrog skeleton is moderately damaged.
You feel sick.
The bullfrog skeleton closely misses you.
You take 1 damage, and have 9/57 hp.
You hit the bullfrog skeleton. You burn the bullfrog skeleton.
The bullfrog skeleton is severely damaged.
You feel sick.
The bullfrog skeleton hits you but does no damage.
You take 1 damage, and have 8/57 hp.
You hit the bullfrog skeleton. You burn the bullfrog skeleton.
The bullfrog skeleton is severely damaged.
You feel sick.
You are no longer poisoned.
The bullfrog skeleton hits you.
* * * LOW HITPOINT WARNING * * *
The bullfrog skeleton hits you but does no damage.
You take 2 damage, and have 6/57 hp.
It was a potion of flight.
You feel very buoyant.
You fly up into the air.
The bullfrog skeleton barely misses you.
You hit the bullfrog skeleton but do no damage.
The bullfrog skeleton is severely damaged.
The bullfrog skeleton hits you.
* * * LOW HITPOINT WARNING * * *
The bullfrog skeleton hits you.
You die...

.# ### .##.. #
#.. ....# #.
#.##.... #..
#.#...#
#...#####.#...#
....?.........#
...........####
.......<...ZZ@#
#...###########
#


You could see an adder skeleton and a bullfrog skeleton.

Vanquished Creatures
  A water moccasin skeleton (D:2)
  2 adders
  A worm (D:2)
  A dart slug (D:2)
  An orc (D:3)
  6 bats
  6 endoplasms
  A giant cockroach (D:1)
  3 goblins
  6 hobgoblins
  4 jackals (D:2)
  5 quokkas
  4 ball pythons
  A kobold (D:3)
  2 rats (D:1)
44 creatures vanquished.

Vanquished Creatures (others)
  2 plants (D:1)
2 creatures vanquished.

Grand Total: 46 creatures vanquished

Notes
Turn   | Place    | Note
-------+----------+-------------------------------------------
     0 | D:1      | gimp the Ogre Cinder Acolyte began the quest for the Orb.
     0 | D:1      | Reached XP level 1. HP: 24/24 MP: 2/2
   155 | D:1      | Reached XP level 2. HP: 32/32 MP: 3/3
  1075 | D:1      | Found a faded altar of an unknown god.
  1428 | D:2      | Reached XP level 3. HP: 23/40 MP: 4/4
  1430 | D:2      | Reached XP level 4. HP: 23/49 MP: 5/5
  2432 | D:3      | Found a runed translucent door.
  2434 | D:3      | Noticed Leeroy's ghost (weakling DrTm)
  2527 | D:3      | Reached skill level 5 in Fighting
  2815 | D:3      | Learned a level 2 spell: Scorch
  2818 | D:3      | Learned a level 2 spell: Blink
  2905 | D:3      | Noticed a water moccasin
  2955 | D:4      | Reached XP level 5. HP: 12/57 MP: 6/6
  2961 | D:4      | Slain by a bullfrog skeleton

Illustrated notes

Levels and vault maps discovered:
D:1:      saegor_arrival_miasma, layout_basic,
          shapermc_ecumenical_altar_notcrosses, st_stairs_8,
          serial_bayou_lagoon_a
D:2:      layout_loops_cross
D:3:      layout_loops_ring, ebering_ghost_sewer_d
D:4:      layout_loops_cross, nicolae_ru_great_annihilating_truth,
          gammafunk_temple_overflow_statue, chequers_serial_rivers_large_a,
          kennysheep_generic_room_3

Skill      XL: |  1  2  3  4 |
---------------+-------------+-----
Fire Magic     | 3 |  3.4
Axes           | 4 |  4.5
Fighting       | 5 |  5.0
Spellcasting   | |  1.2

Action                   |  1- 3 |  4- 6 || total
-------------------------+-------+-------++-------
Melee: Hand axe          |    69 |    93 ||   162
Evoke: Wand              |       |     2 ||     2
  Use: Potion            |       |     3 ||     3
Armor: Robe              |    21 |    35 ||    56
Dodge: Dodged            |    40 |    49 ||    89

Table legend: (Time is in decaauts)
 A = Elapsed time spent in this place.
 B = Non-inter-level travel time spent in this place.
 C = Inter-level travel time spent in this place.
 D = Time resting spent in this place.
 E = Time spent auto-exploring this place.
 F = Levels seen in this place.
 G = Mean time per level.
                   A        B        C        D        E       F      G
               +--------+--------+--------+--------+--------+-----+--------+
         Total |   2981 |   2951 |     30 |     17 |   2541 |   4 |  745.2 |
       Dungeon |   2981 |   2951 |     30 |     17 |   2541 |   4 |  745.2 |
               +--------+--------+--------+--------+--------+-----+--------+

Top non-repeatable levels by time:
     D:1: 1385 daAuts
     D:2: 1063 daAuts
     D:3: 517 daAuts
     D:4: 15 daAuts
